 Dungeon Crawl Stone Soup version 0.20.1-1-g8b1a95d (webtiles) character file.

137 Espresso the Covered (level 5, 0/47 HPs)
             Began as a Minotaur Fighter on Aug 24, 2017.
             Slain by Crazy Yiuf
             ... wielding a +3 quarterstaff of chaos
              (10 damage)
             ... on level 3 of the Dungeon.
             The game lasted 00:23:24 (2037 turns).

Espresso the Covered (Minotaur Fighter)             Turns: 2037, Time: 00:23:25

Health: 0/47       AC:  7    Str: 21    XL:     5   Next: 0%
Magic:  3/4        EV:  7    Int:  5    God:
Gold:   136        SH:  9    Dex: 10    Spells: 4/4 levels left

rFire    . . .     SeeInvis .   a - +0 war axe
rCold    . . .     Gourm    .   c - +0 shield
rNeg     + . .     Faith    .   b - +0 scale mail
rPois    .         Spirit   .   (helmet restricted)
rElec    .         Reflect  .   (no cloak)
rCorr    .         Harm     .   (no gloves)
MR       .....                  (no boots)
Stlth    ..........             (no amulet)
Regen    0.2/turn               j - ring of positive energy
MPRegen  0.1/turn               (no ring)

@: no status effects
A: retaliatory headbutt, horns 2
a: no special abilities


You were on level 3 of the Dungeon.
You were hungry.

You visited 1 branch of the dungeon, and saw 3 of its levels.

You collected 136 gold pieces.

Inventory:

Hand Weapons
 a - a +0 war axe (weapon)
 B - a +1 vampiric hand axe
Armour
 b - a +0 scale mail (worn)
 c - a +0 shield (worn)
 o - a +2 buckler of fire resistance
Jewellery
 j - a ring of positive energy (left hand)
Scrolls
 h - a scroll of random uselessness {unknown}
 i - 3 scrolls of remove curse {unknown}
 l - a scroll of amnesia {unknown}
 u - 3 scrolls of identify {unknown}
 v - a scroll of fog {unknown}
 w - a scroll of recharging {unknown}
 y - a scroll of immolation {unknown}
 z - a scroll of enchant armour {unknown}
Potions
 d - a potion of might
 e - 2 potions of lignification {unknown}
 k - a potion of brilliance {unknown}
 m - 2 potions of magic {unknown}
 q - 2 potions of haste {unknown}
 r - a potion of mutation {unknown}
 s - a potion of degeneration {unknown}
 t - 3 potions of flight {unknown}
 x - a potion of curing {unknown}
 A - a potion of cancellation {unknown}
Comestibles
 f - 2 bread rations
 g - 4 royal jellies
 n - 4 meat rations


   Skills:
 + Level 4.4 Fighting
 + Level 3.7 Axes
 + Level 4.7 Armour
 + Level 4.7 Shields


You had 4 spell levels left.
You didn't know any spells.

Dungeon Overview and Level Annotations

Branches:
Dungeon (3/15)

Altars:
Nemelex Xobeh

Annotations:
D:3 Crazy Yiuf


Innate Abilities, Weirdness & Mutations

You reflexively headbutt those who attack you in melee.
You have a pair of horns on your head.


Message History

It is a wand of polymorph (?/24).
There is an open door here.
Crazy Yiuf hits you with a quarterstaff of chaos.
You feel your power leaking away.
You slash Crazy Yiuf! Your headbutt misses Crazy Yiuf.
Crazy Yiuf is heavily wounded.
Crazy Yiuf closely misses you. You furiously retaliate!
You headbutt Crazy Yiuf, but do no damage.
You hit Crazy Yiuf but do no damage.
Crazy Yiuf is heavily wounded.
Crazy Yiuf hits you with a quarterstaff of chaos!
You are electrocuted!
Crazy Yiuf hits you with a quarterstaff of chaos.
* * * LOW HITPOINT WARNING * * *
Crazy Yiuf burns you.
* * * LOW HITPOINT WARNING * * *
You hit Crazy Yiuf but do no damage. You headbutt Crazy Yiuf.
Crazy Yiuf is severely wounded.
Crazy Yiuf hits you with a quarterstaff of chaos!
You die...

.# #..)# ♣....♣
#........... .#
##### ♣...♣♣
#........... .#
♣♣.♣♣ #...........
.# ♣.♣♣
#........... .#
♣♣.♣ #...........
.# ♣.♣♣
#..........# .#
♣♣.♣ ##.##..#####
.# ##'## #.##..#
.# ### #.@.#
#.##..# .# #.#
#.g.# ##. #..# .#
#######.# #..)#
#..##.## .#
#.......# #####
#.##..# .#
#.......# #..#..##
.# #....†..#
#####.....##### .#
#######.#
##..###..#......
.# ##.#
###...............
.# #..#
#.....###......#.#


You could see Crazy Yiuf.

Vanquished Creatures
  Terence (D:2)
  Robin (D:2)
  An adder (D:2)
  An ooze (D:1)
  A dart slug (D:3)
  2 leopard geckos
  An orc (D:3)
  9 bats
  5 giant cockroaches
  11 goblins
  8 hobgoblins
  6 jackals (D:3)
  3 ball pythons
  5 frilled lizards
  6 kobolds
  15 rats
76 creatures vanquished.

Notes
Turn   | Place    | Note
-------+----------+-------------------------------------------
     0 | D:1      | Espresso the Minotaur Fighter began the quest for the Orb.
     0 | D:1      | Reached XP level 1. HP: 19/19 MP: 0/0
   120 | D:1      | Reached XP level 2. HP: 27/27 MP: 1/1
   542 | D:1      | Reached XP level 3. HP: 32/33 MP: 2/2
   609 | D:2      | buckler
   883 | D:2      | Noticed Terence
   907 | D:2      | Killed Terence
   929 | D:2      | Noticed Robin
   940 | D:2      | Reached XP level 4. HP: 32/40 MP: 3/3
   946 | D:2      | Killed Robin
  1862 | D:3      | Found a sparkling altar of Nemelex Xobeh.
  1965 | D:3      | Reached XP level 5. HP: 47/47 MP: 4/4
  2028 | D:3      | Found a runed door.
  2032 | D:3      | Noticed Crazy Yiuf
  2037 | D:3      | Slain by Crazy Yiuf

Skill      XL: |  1  2  3 |
---------------+----------+-----
Shields        | 4 |  4.7
Axes           | 3 |  3.7
Armour         | 4 |  4.7
Fighting       | 4 |  4.4

Action                   |  1- 3 |  4- 6 || total
-------------------------+-------+-------++-------
Melee: War axe           |    77 |    82 ||   159
       Headbutt          |    11 |     7 ||    18
  Eat: Chunk             |       |     3 ||     3
Armor: Scale mail        |    28 |    34 ||    62
Dodge: Dodged            |    21 |    38 ||    59
Block: Shield            |    43 |    45 ||    88
